[ AOE2 MATCH · #505422414 ]
UnrankedVietnamese vs Georgians
Rival team · LOSS
[ REPLAY ANALYSIS · EXTRACTED FROM THE RECORDED GAME ]
Feudal
10:12
Castle
21:40
Imperial
38:30
| APM avg | 50.8 |
| APM peak | 80 |
| eAPM avg | 23.6 |
| Villagers / military | 111 / 52 |
Focus
⚔️ 32.6% · 🌾 67.4%
Cavalry Archer ×33 · Skirmisher ×5 · Monk ×4 · Archer ×4 · Knight ×3 · Mangonel ×1
Feudal
14:15
Castle
27:04
Imperial
—
| APM avg | 52.8 |
| APM peak | 99 |
| eAPM avg | 29.5 |
| Villagers / military | 97 / 88 |
Focus
⚔️ 35.6% · 🌾 64.4%
Archer ×27 · Monk ×26 · Militia ×12 · Spearman ×7 · Mangonel ×6 · Skirmisher ×6
Match map
Initial resources + every placement click. Lines = walls · curves = elevation contours. ◆ gold · ⬟ stone · ● berries · ✦ relic · ◌ wall gap
Your base· ✓ Closed at 21:40 · 60t walls · no gate
avlid's base· ✓ Closed at 27:04 · 66t walls · fragile
Smoothed initial terrain · ◌ = detected wall gap · hover for details
Inputs per minute
— CNZS_98T - - avlid
Build order — CNZS_98T
First 150 of 308 actions detected
| 0:02 | Create | Villager (Male) |
| 0:02 | Create | Villager (Male) |
| 0:03 | Create | Villager (Male) |
| 0:03 | Create | Villager (Male) |
| 0:05 | Build | House |
| 1:23 | Create | Villager (Male) |
| 1:50 | Create | Villager (Male) |
| 1:50 | Create | Villager (Male) |
| 2:19 | Create | Villager (Male) |
| 2:19 | Create | Villager (Male) |
| 2:42 | Build | Lumber Camp |
| 2:48 | Create | Villager (Male) |
| 2:48 | Create | Villager (Male) |
| 3:10 | Create | Villager (Male) |
| 3:35 | Create | Villager (Male) |
| 3:40 | Build | House |
| 4:01 | Create | Villager (Male) |
| 4:01 | Create | Villager (Male) |
| 4:01 | Create | Villager (Male) |
| 4:38 | Create | Villager (Male) |
| 4:38 | Create | Villager (Male) |
| 5:17 | Create | Villager (Male) |
| 5:25 | Create | Villager (Male) |
| 5:36 | Build | Mill |
| 5:59 | Create | Villager (Male) |
| 6:17 | Create | Villager (Male) |
| 6:42 | Research | Loom |
| 6:51 | Build | Palisade Wall |
| 7:04 | Build | House |
| 7:34 | Create | Villager (Male) |
| 8:02 | Research | Feudal Age |
| 8:04 | Build | Palisade Wall |
| 8:06 | Build | Palisade Wall |
| 8:07 | Build | Palisade Wall |
| 8:10 | Build | Palisade Wall |
| 8:12 | Build | Palisade Wall |
| 10:06 | Create | Villager (Male) |
| 10:12 | Age | Feudal Age |
| 10:15 | Build | Watch Tower |
| 10:20 | Create | Villager (Male) |
| 10:26 | Research | Double-Bit Axe |
| 10:27 | Research | Double-Bit Axe |
| 10:27 | Research | Horse Collar |
| 10:28 | Research | Horse Collar |
| 10:28 | Create | Villager (Male) |
| 10:37 | Create | Villager (Male) |
| 10:42 | Build | Barracks |
| 11:22 | Build | Archery Range |
| 11:25 | Create | Villager (Male) |
| 11:25 | Create | Villager (Male) |
| 11:44 | Build | Farm |
| 11:47 | Build | Farm |
| 11:55 | Build | House |
| 12:11 | Create | Archer |
| 12:15 | Build | House |
| 12:16 | Build | House |
| 12:28 | Build | Palisade Wall |
| 12:32 | Create | Villager (Male) |
| 12:34 | Build | Farm |
| 13:07 | Create | Villager (Male) |
| 13:07 | Create | Villager (Male) |
| 13:09 | Build | Mining Camp |
| 13:27 | Build | Farm |
| 13:31 | Create | Villager (Male) |
| 13:31 | Create | Villager (Male) |
| 13:46 | Build | House |
| 13:49 | Create | Villager (Male) |
| 13:50 | Create | Villager (Male) |
| 14:00 | Build | Farm |
| 14:02 | Create | Villager (Male) |
| 14:02 | Create | Villager (Male) |
| 14:16 | Create | Villager (Male) |
| 14:38 | Create | Archer |
| 14:46 | Build | Market |
| 14:50 | Create | Villager (Male) |
| 14:54 | Build | Palisade Wall |
| 15:01 | Build | Palisade Wall |
| 15:04 | Build | Palisade Wall |
| 15:11 | Create | Archer |
| 15:13 | Build | Palisade Wall |
| 15:15 | Build | Palisade Wall |
| 15:17 | Build | Palisade Wall |
| 15:18 | Build | Palisade Wall |
| 15:27 | Create | Villager (Male) |
| 15:38 | Create | Villager (Male) |
| 15:47 | Build | Farm |
| 15:48 | Create | Villager (Male) |
| 15:53 | Build | House |
| 16:00 | Build | Palisade Wall |
| 16:09 | Create | Villager (Male) |
| 16:16 | Create | Archer |
| 16:38 | Create | Villager (Male) |
| 16:47 | Build | Palisade Wall |
| 16:54 | Build | Palisade Wall |
| 17:03 | Build | Farm |
| 17:04 | Create | Villager (Male) |
| 17:11 | Build | Blacksmith |
| 17:18 | Build | Farm |
| 17:28 | Build | Farm |
| 17:39 | Build | House |
| 17:43 | Build | House |
| 17:46 | Create | Villager (Male) |
| 17:53 | Build | Palisade Wall |
| 18:22 | Build | Palisade Wall |
| 18:33 | Build | Mining Camp |
| 18:38 | Build | Palisade Wall |
| 19:00 | Research | Castle Age |
| 19:10 | Build | Stable |
| 19:27 | Build | Palisade Gate |
| 19:30 | Build | Palisade Wall |
| 19:42 | Build | Palisade Wall |
| 19:44 | Create | Skirmisher |
| 19:44 | Create | Skirmisher |
| 19:51 | Build | Watch Tower |
| 20:01 | Build | House |
| 20:03 | Build | House |
| 20:07 | Create | Villager (Male) |
| 20:16 | Build | House |
| 20:44 | Build | Farm |
| 20:46 | Research | Scale Barding Armor |
| 20:47 | Research | Scale Barding Armor |
| 21:00 | Build | House |
| 21:04 | Build | House |
| 21:07 | Build | House |
| 21:10 | Create | Skirmisher |
| 21:31 | Build | Mining Camp |
| 21:40 | Age | Castle Age |
| 21:40 | Build | Farm |
| 21:43 | Build | Watch Tower |
| 21:45 | Create | Knight |
| 21:46 | Create | Knight |
| 22:05 | Build | Siege Workshop |
| 22:07 | Create | Villager (Male) |
| 22:13 | Research | Fletching |
| 22:29 | Create | Knight |
| 22:41 | Create | Scorpion |
| 22:48 | Create | Skirmisher |
| 22:56 | Create | Villager (Male) |
| 23:01 | Create | Skirmisher |
| 23:33 | Create | Villager (Male) |
| 23:50 | Build | Monastery |
| 23:52 | Create | Villager (Male) |
| 24:11 | Create | Villager (Male) |
| 24:21 | Build | Farm |
| 24:22 | Create | Villager (Male) |
| 24:28 | Create | Monk |
| 24:44 | Create | Cavalry Archer |
| 24:47 | Create | Villager (Male) |
| 24:55 | Build | Palisade Wall |
| 24:58 | Create | Villager (Male) |
Build order — avlid
First 150 of 324 actions detected
| 0:01 | Create | Villager (Male) |
| 0:01 | Create | Villager (Male) |
| 0:02 | Build | House |
| 0:18 | Create | Villager (Male) |
| 0:19 | Create | Villager (Male) |
| 1:35 | Create | Villager (Male) |
| 2:03 | Research | Loom |
| 2:09 | Build | House |
| 2:09 | Build | Palisade Wall |
| 2:18 | Create | Villager (Male) |
| 2:36 | Create | Villager (Male) |
| 3:09 | Create | Villager (Male) |
| 3:17 | Create | Villager (Male) |
| 3:23 | Build | Barracks |
| 4:05 | Create | Villager (Male) |
| 4:34 | Create | Villager (Male) |
| 4:37 | Create | Militia |
| 4:52 | Create | Villager (Male) |
| 5:11 | Build | House |
| 5:24 | Create | Villager (Male) |
| 5:34 | Create | Militia |
| 5:50 | Create | Villager (Male) |
| 6:14 | Create | Villager (Male) |
| 6:31 | Build | Palisade Wall |
| 6:32 | Build | Palisade Wall |
| 6:35 | Create | Militia |
| 6:42 | Build | Palisade Wall |
| 6:43 | Build | Palisade Wall |
| 6:45 | Build | Palisade Wall |
| 7:01 | Build | Palisade Wall |
| 7:05 | Build | Palisade Wall |
| 7:06 | Create | Militia |
| 7:07 | Create | Militia |
| 7:08 | Build | Palisade Wall |
| 7:14 | Build | Palisade Wall |
| 7:17 | Build | Palisade Wall |
| 7:22 | Create | Villager (Male) |
| 7:35 | Create | Militia |
| 7:37 | Build | Palisade Wall |
| 7:42 | Build | Palisade Wall |
| 7:54 | Build | House |
| 7:59 | Build | House |
| 8:20 | Create | Villager (Male) |
| 8:45 | Create | Villager (Male) |
| 9:08 | Create | Villager (Male) |
| 9:11 | Build | Mill |
| 9:22 | Build | Palisade Wall |
| 9:28 | Create | Villager (Male) |
| 9:58 | Create | Villager (Male) |
| 10:19 | Create | Villager (Male) |
| 10:26 | Build | Farm |
| 10:31 | Build | Farm |
| 10:45 | Create | Villager (Male) |
| 11:04 | Build | Farm |
| 11:09 | Create | Villager (Male) |
| 11:13 | Build | Mule Cart |
| 11:39 | Create | Villager (Male) |
| 11:40 | Build | Farm |
| 11:50 | Build | House |
| 12:02 | Research | Feudal Age |
| 12:02 | Research | Feudal Age |
| 13:02 | Create | Villager (Male) |
| 13:02 | Create | Villager (Male) |
| 13:31 | Build | Mule Cart |
| 14:04 | Build | Palisade Wall |
| 14:11 | Build | Palisade Wall |
| 14:15 | Age | Feudal Age |
| 14:16 | Build | Archery Range |
| 14:18 | Research | Man-at-Arms (upgrade) |
| 14:20 | Research | Double-Bit Axe |
| 14:40 | Build | Blacksmith |
| 14:44 | Research | Town Watch |
| 15:01 | Create | Skirmisher |
| 15:04 | Create | Villager (Male) |
| 15:25 | Research | Fletching |
| 15:31 | Create | Skirmisher |
| 15:32 | Build | House |
| 15:41 | Build | Market |
| 15:47 | Create | Villager (Male) |
| 15:54 | Create | Skirmisher |
| 16:10 | Create | Skirmisher |
| 16:14 | Build | Archery Range |
| 16:20 | Build | House |
| 16:21 | Build | Palisade Wall |
| 16:29 | Create | Villager (Male) |
| 16:30 | Create | Skirmisher |
| 16:30 | Create | Skirmisher |
| 16:37 | Create | Archer |
| 16:37 | Create | Archer |
| 16:41 | Build | House |
| 16:50 | Build | Palisade Wall |
| 16:54 | Build | Farm |
| 16:54 | Build | Farm |
| 16:56 | Create | Archer |
| 16:56 | Create | Archer |
| 17:04 | Create | Villager (Male) |
| 17:06 | Build | Farm |
| 17:06 | Build | Farm |
| 17:06 | Build | Farm |
| 17:16 | Build | Mule Cart |
| 17:25 | Create | Villager (Male) |
| 17:48 | Create | Militia |
| 17:51 | Create | Archer |
| 17:51 | Create | Archer |
| 18:06 | Create | Villager (Male) |
| 18:07 | Create | Villager (Male) |
| 18:14 | Create | Archer |
| 18:15 | Create | Archer |
| 18:15 | Create | Archer |
| 18:15 | Create | Archer |
| 18:25 | Create | Militia |
| 18:35 | Build | Farm |
| 18:35 | Build | Farm |
| 18:36 | Build | Farm |
| 18:36 | Build | Farm |
| 18:37 | Create | Villager (Male) |
| 18:38 | Create | Villager (Male) |
| 18:41 | Build | House |
| 18:43 | Build | Palisade Wall |
| 18:48 | Create | Militia |
| 19:04 | Create | Villager (Male) |
| 19:05 | Create | Villager (Male) |
| 19:09 | Build | Farm |
| 19:09 | Build | Farm |
| 19:09 | Build | Farm |
| 19:10 | Build | Farm |
| 19:10 | Build | Farm |
| 19:14 | Create | Archer |
| 19:15 | Create | Archer |
| 19:21 | Create | Militia |
| 19:27 | Create | Archer |
| 19:27 | Create | Archer |
| 19:41 | Create | Villager (Male) |
| 19:52 | Create | Militia |
| 20:02 | Create | Archer |
| 20:02 | Create | Archer |
| 20:09 | Create | Villager (Male) |
| 20:15 | Build | House |
| 20:18 | Build | House |
| 20:20 | Create | Villager (Male) |
| 20:25 | Research | Arson |
| 20:25 | Research | Arson |
| 20:26 | Create | Archer |
| 20:26 | Create | Archer |
| 20:39 | Create | Villager (Male) |
| 20:39 | Create | Villager (Male) |
| 20:51 | Create | Militia |
| 20:55 | Create | Archer |
| 20:55 | Create | Archer |
| 21:06 | Create | Villager (Male) |
Match timeline
| 2:09 | avlid · wall_segment Palisade Wall x1 |
| 3:23 | avlid · first_building Barracks |
| 6:31 | avlid · wall_segment Palisade Wall x1 |
| 6:32 | avlid · wall_segment Palisade Wall x1 |
| 6:42 | avlid · wall_segment Palisade Wall x1 |
| 6:43 | avlid · wall_segment Palisade Wall x1 |
| 6:45 | avlid · wall_segment Palisade Wall x1 |
| 6:51 | CNZS_98T · wall_segment Palisade Wall x1 |
| 7:01 | avlid · wall_segment Palisade Wall x1 |
| 7:05 | avlid · wall_segment Palisade Wall x1 |
| 7:08 | avlid · wall_segment Palisade Wall x1 |
| 7:14 | avlid · wall_segment Palisade Wall x1 |
| 7:17 | avlid · wall_segment Palisade Wall x1 |
| 7:37 | avlid · wall_segment Palisade Wall x1 |
| 7:42 | avlid · wall_segment Palisade Wall x1 |
| 8:04 | CNZS_98T · wall_segment Palisade Wall x1 |
| 8:06 | CNZS_98T · wall_segment Palisade Wall x1 |
| 8:07 | CNZS_98T · wall_segment Palisade Wall x1 |
| 8:10 | CNZS_98T · wall_segment Palisade Wall x1 |
| 8:12 | CNZS_98T · wall_segment Palisade Wall x1 |
| 9:22 | avlid · wall_segment Palisade Wall x1 |
| 10:12 | CNZS_98T · age_up feudal |
| 10:42 | CNZS_98T · first_building Barracks |
| 11:22 | CNZS_98T · first_building Archery Range |
| 12:28 | CNZS_98T · wall_segment Palisade Wall x1 |
| 14:04 | avlid · wall_segment Palisade Wall x1 |
| 14:11 | avlid · wall_segment Palisade Wall x1 |
| 14:15 | avlid · age_up feudal |
| 14:16 | avlid · first_building Archery Range |
| 14:54 | CNZS_98T · wall_segment Palisade Wall x1 |
| 15:01 | CNZS_98T · wall_segment Palisade Wall x1 |
| 15:04 | CNZS_98T · wall_segment Palisade Wall x1 |
| 15:13 | CNZS_98T · wall_segment Palisade Wall x1 |
| 15:15 | CNZS_98T · wall_segment Palisade Wall x1 |
| 15:17 | CNZS_98T · wall_segment Palisade Wall x1 |
| 15:18 | CNZS_98T · wall_segment Palisade Wall x1 |
| 16:00 | CNZS_98T · wall_segment Palisade Wall x12 |
| 16:21 | avlid · wall_segment Palisade Wall x7 |
| 16:27 | avlid · first_market_sell 500 stone |
| 16:28 | avlid · first_market_buy 100 food |
| 16:47 | CNZS_98T · wall_segment Palisade Wall x9 |
| 16:50 | avlid · wall_segment Palisade Wall x9 |
| 16:54 | CNZS_98T · wall_segment Palisade Wall x4 |
| 17:53 | CNZS_98T · wall_segment Palisade Wall x1 |
| 18:15 | CNZS_98T · first_market_buy 100 food |
| 18:22 | CNZS_98T · wall_segment Palisade Wall x4 |
| 18:38 | CNZS_98T · wall_segment Palisade Wall x8 |
| 18:43 | avlid · wall_segment Palisade Wall x11 |
| 19:10 | CNZS_98T · first_building Stable |
| 19:30 | CNZS_98T · wall_segment Palisade Wall x7 |
| 19:42 | CNZS_98T · wall_segment Palisade Wall x1 |
| 21:40 | CNZS_98T · age_up castle |
| 21:54 | avlid · wall_segment Palisade Wall x7 |
| 22:05 | CNZS_98T · first_building Siege Workshop |
| 22:40 | CNZS_98T · first_market_sell 100 stone |
| 23:49 | avlid · wall_segment Palisade Wall x12 |
| 23:50 | CNZS_98T · first_building Monastery |
| 24:35 | avlid · wall_segment Palisade Wall x1 |
| 24:55 | CNZS_98T · wall_segment Palisade Wall x1 |
| 25:08 | avlid · first_building Stable |
| 25:59 | avlid · wall_segment Palisade Wall x4 |
| 26:10 | avlid · wall_segment Palisade Wall x1 |
| 27:04 | avlid · age_up castle |
| 27:10 | avlid · first_building Monastery |
| 28:16 | CNZS_98T · wall_segment Stone Wall x1 |
| 31:54 | avlid · first_building Siege Workshop |
| 37:44 | CNZS_98T · first_building Castle |
| 38:30 | CNZS_98T · age_up imperial |
| 38:41 | avlid · resign |
[ AI ANALYSIS · 1 CREDIT ]
What really happened in this match?
Wolo.gg analyzes every decision: build order, eco, micro, common mistakes by bracket. Personalized analysis on WhatsApp or Discord in 30 seconds.
Civ guide
Vietnamese
Perfil
Jugador #25365699